 Dungeon Crawl Stone Soup version 0.25-a0-843-g6944ee31a2 (webtiles) character file.

Game seed: 15807903763892716506, levelgen mode: deterministic

5075 Esekla the Thaumaturge (level 10, -32/40 HPs)
             Began as a Felid Skald on Apr 25, 2020.
             Was a High Priest of Vehumet.
             Hit by a large rock thrown by a stone giant (42 damage)
             ... on level 2 of the Orcish Mines.
             The game lasted 03:02:55 (22928 turns).

Esekla the Thaumaturge (Felid Skald)               Turns: 22928, Time: 03:02:56

Health: -32/40     AC:  3    Str:  8    XL:     10   Next: 31%
Magic:  27/27      EV: 22    Int: 17    God:    Vehumet [*****.]
Gold:   739        SH:  0    Dex: 16    Spells: 1/28 levels left
                                        Lives:  0   Deaths: 3

rFire    . . .     SeeInvis +     - Unarmed
rCold    + . .     Gourm    .   (shield unavailable)
rNeg     . . .     Faith    .   (armour unavailable)
rPois    .         Spirit   .   (helmet unavailable)
rElec    .         Reflect  .   (cloak unavailable)
rCorr    .         Harm     .   (gloves unavailable)
MR       +....                  (boots unavailable)
Stlth    +++.......             (no amulet)
HPRegen  0.13/turn              (no ring)
MPRegen  0.20/turn              (no ring)

@: lightly drained, quick
A: very small, no armour, no weapons or thrown items, stealth, claws 1, fangs 3,
see invisible, carnivore, speed 1, high mp 1, shaggy fur 3, slow metabolism 1,
MP-powered wands, sharp paws
a: Renounce Religion


You were on level 2 of the Orcish Mines.
You worshipped Vehumet.
Vehumet was extremely pleased with you.
You were not hungry.

You visited 3 branches of the dungeon, and saw 13 of its levels.

You collected 739 gold pieces.

Inventory:

Jewellery
 s - an uncursed ring of stealth
Wands
 o - a wand of digging (15)
 p - a wand of acid (9)
 q - a wand of random effects (19)
 r - a wand of flame (58)
 t - a wand of clouds (3)
Scrolls
 d - a scroll of immolation {unknown}
 e - a scroll of teleportation
 g - 3 scrolls of remove curse
 h - a scroll of identify
 l - a scroll of holy word {unknown}
Potions
 i - 2 potions of brilliance
 m - a potion of might
 n - 3 potions of resistance
Comestibles
 b - 23 rations


   Skills:
 - Level 2.0(1.6) Fighting
 + Level 7.3(6.9) Dodging
 + Level 5.2(4.9) Stealth
 - Level 4.1(3.7) Unarmed Combat
 * Level 9.6(9.2) Spellcasting
 * Level 5.0(4.7) Conjurations
 * Level 1.1(0.8) Hexes
 - Level 5.8(5.4) Charms
 + Level 2.9(2.6) Translocations
 * Level 0.6(0.3) Fire Magic
 * Level 5.8(5.4) Ice Magic
 + Level 5.4(5.0) Air Magic
 + Level 5.6(5.2) Poison Magic
 + Level 0.2(0.0) Evocations


You had one spell level left.
You knew the following spells:

 Your Spells              Type           Power        Failure   Level  Hunger
a - Ozocubu's Armour      Chrm/Ice       ####....     3%          3    None
b - Shroud of Golubria    Chrm/Tloc      ###...       2%          2    None
c - Mephitic Cloud        Conj/Pois/Air  ###.....     1%          3    None
d - Tukima's Dance        Hex            ##......     21%         3    None
e - Shock                 Conj/Air       ###.         1%          1    None
f - Sticky Flame          Conj/Fire      ###.....     9%          4    ###....
g - Infusion              Chrm           ####         1%          1    None
r - Airstrike             Air            ####......   3%          4    ###....
s - Song of Slaying       Chrm           ####....     1%          2    None
x - Olgreb's Toxic Radia  Pois           ####....     3%          4    ###....

Your spell library contained the following spells:

 Spells                   Type           Power        Failure   Level  Hunger
 Corona                   Hex            ##.....      7%          1    None
 Dazzling Flash           Conj/Hex       ###...       2%          3    None
 Ensorcelled Hibernation  Hex/Ice        ###...       3%          2    None
 Confusing Touch          Hex            ##......     21%         3    None
 Spectral Weapon          Hex/Chrm       Unusable     N/A         3    N/A

Dungeon Overview and Level Annotations

Branches:
Dungeon (10/15)            Temple (1/1) D:4             Orc (2/2) D:9
   Lair: D:8-11         Elf: Orc:2

Altars:
Ashenzari
Cheibriados
Dithmenos
Elyvilon
Fedhas
Gozag
Hepliaklqana
Kikubaaqudgha
Makhleb
Nemelex Xobeh
Okawaru
Qazlal
Ru
Sif Muna
Trog
Uskayaw
Vehumet
Wu Jian
Xom
Yredelemnul
Zin
The Shining One

Annotations:
D:5 2 transporters, DrMuscles's ghost, novice GrFi
D:8 Maggie


Innate Abilities, Weirdness & Mutations

You cannot wear armour.
You are incapable of wielding weapons or throwing items.
Your paws allow you to move quietly. (Stealth)
You have sharp claws.
You have razor-sharp teeth.
You have supernaturally acute eyesight. (SInv)
You are carnivorous and can eat meat at any time.
You cover ground quickly.
Your thick and shaggy fur keeps you warm. (AC +3, rC+)
You have a slow metabolism.
Your sharp claws are effective at attacking unaware monsters.
You have an increased reservoir of magic. (+10% MP)
You expend magic power (3 MP) to strengthen your wands.


Message History

You start resting.
Your icy armour starts to melt.
You start resting.
Your icy armour evaporates.
You start resting.
Magic restored.
You start resting.
HP restored.
You climb downwards.
A centaur comes into view.
The centaur wields a +0 shortbow.
The centaur shoots an arrow.
The arrow completely misses you.
The centaur shoots an arrow.
The arrow hits you!
The stone giant throws a large rock.
The large rock hits you!!
Ouch! That really hurt!
* * * LOW HITPOINT WARNING * * *
An orc wizard comes into view. It is wielding a +0 dagger. x2
The stone giant throws a large rock.
The large rock hits you!!!
Ouch! That really hurt!
You die...

..≈≈ ≈≈.c
o##...###...##.
.c.............
.o.......(.....
...............
..............#
..o............
.......@...o...
....#.(o.......
. ##.........
..........
...........
<..#........
.......#.#...
##C...........


You could see a stone giant, an orc sorcerer, 2 centaurs, an orc priest and 3
orc wizards.

Vanquished Creatures
  A two-headed ogre (D:6)
  Erica (D:8)
  The ghost of Esekla the Thaumaturge, a novice TeVM of Qazlal (D:9)
  An orc knight (D:8)
  A cyclops (Orc:1)
  Joseph (D:8)
  A troll (D:9)
  Grinder (D:6)
  Prince Ribbit (D:8)
  3 hippogriffs
  A human (D:9)
  4 yaks (D:10)
  A wraith (D:7)
  Menkaure (D:7)
  5 wargs
  Duvessa (D:4)
  A water moccasin (D:8)
  6 orc warriors
  A black bear (D:9)
  4 ice beasts
  2 sky beasts
  2 necrophages
  2 ogres (D:9)
  2 eyes of draining
  3 centaurs
  A big kobold (D:7)
  3 bullfrogs
  A gnoll sergeant (D:9)
  Dowan (D:5)
  3 scorpions
  3 killer bees (D:7)
  4 wights
  3 howler monkeys
  5 crimson imps
  A bullfrog zombie (D:7)
  2 hounds
  5 human zombies (D:7)
  2 quasits
  A centaur skeleton (D:5)
  3 jellies
  11 orc priests
  2 bullfrog skeletons
  A gnoll shaman (D:6)
  4 iguanas
  14 orc wizards
  7 worker ants
  An ogre zombie (D:7)
  A hound zombie (D:6)
  2 hound skeletons
  2 mummies (D:7)
  2 worker ant zombies
  17 gnolls
  18 adders
  4 shadow imps
  5 oozes
  An adder zombie (D:5)
  An adder skeleton (D:8)
  2 worms
  2 dart slugs (D:1)
  2 leopard geckos
  55 orcs
  13 bats
  7 giant cockroaches
  10 goblins
  13 hobgoblins
  18 jackals
  15 kobolds
  3 quokkas
  3 ball pythons
  5 frilled lizards
  2 jackal zombies (D:5)
  A leopard gecko skeleton (D:4)
  2 quokka skeletons
  A quokka zombie (D:5)
  16 rats
349 creatures vanquished.

Vanquished Creatures (others)
  47 foxfires
47 creatures vanquished.

Grand Total: 396 creatures vanquished

Notes
Turn   | Place    | Note
-------+----------+-------------------------------------------
     0 | D:1      | Esekla the Felid Skald began the quest for the Orb.
     0 | D:1      | Reached XP level 1. HP: 9/9 MP: 4/4
   519 | D:2      | Reached XP level 2. HP: 8/13 MP: 6/6
   527 | D:2      | Learned a level 2 spell: Shroud of Golubria
   886 | D:2      | Found a sacrificial altar of Ru.
  1052 | D:3      | Reached XP level 3. HP: 11/16 MP: 3/7
  1057 | D:3      | Learned a level 3 spell: Ozocubu's Armour
  1185 | D:3      | Found a glowing silver altar of Zin.
  1190 | D:3      | Found an ancient bone altar of Kikubaaqudgha.
  1196 | D:3      | Found a hide-covered altar of Uskayaw.
  1439 | D:4      | Found a white marble altar of Elyvilon.
  1483 | D:4      | Reached XP level 4. HP: 14/19 MP: 2/9
  1525 | D:4      | Reached skill level 1 in Stealth
  1525 | D:4      | Reached skill level 1 in Translocations
  1568 | D:4      | Found a staircase to the Ecumenical Temple.
  1600 | Temple   | Entered the Ecumenical Temple
  1662 | Temple   | Became a worshipper of Vehumet
  1730 | D:4      | Reached skill level 3 in Spellcasting
  2282 | D:2      | Found a shadowy altar of Dithmenos.
  2299 | D:2      | Reached skill level 1 in Ice Magic
  2318 | D:2      | Reached XP level 5. HP: 7/22 MP: 4/10
  2693 | D:2      | Found a shattered altar of Ashenzari.
  2695 | D:2      | Found a snail-covered altar of Cheibriados.
  2698 | D:2      | Found a shimmering blue altar of Sif Muna.
  2698 | D:2      | Found a shimmering altar of Xom.
  2710 | D:2      | Reached * piety under Vehumet
  2710 | D:2      | Offered knowledge of Shock by Vehumet.
  2715 | D:2      | Learned a level 1 spell: Shock
  2878 | D:2      | Learned a level 2 spell: Song of Slaying
  4151 | D:2      | Reached ** piety under Vehumet
  4419 | D:2      | Offered knowledge of Foxfire by Vehumet.
  4422 | D:2      | Learned a level 1 spell: Foxfire
  5055 | D:3      | Gained mutation: You are covered in thick fur. (AC +2)
                  | [Felid growth]
  5055 | D:3      | Reached XP level 6. HP: 26/26 MP: 8/12
  5853 | D:4      | HP: 1/26 [orc wizard/magic dart (8)]
  5855 | D:4      | Killed from afar by an orc wizard
  5856 | D:4      | Reached XP level 5. HP: -10/22 MP: 8/11
  6064 | D:5      | Entered Level 5 of the Dungeon
  6080 | D:5      | Reached skill level 1 in Conjurations
  6251 | D:5      | HP: 1/22 [orc priest/nerve-wracking pain (7)]
  6552 | D:5      | Reached skill level 4 in Spellcasting
  6779 | D:5      | Noticed Duvessa
  6816 | D:5      | Reached skill level 1 in Air Magic
  6816 | D:5      | Reached XP level 6. HP: 26/26 MP: 6/13
  6855 | D:5      | Noticed an ice beast
  7073 | D:4      | Offered knowledge of Mephitic Cloud by Vehumet.
  7078 | D:4      | Learned a level 3 spell: Mephitic Cloud
  8214 | D:4      | Reached *** piety under Vehumet
  8565 | D:5      | Found a transporter.
  8568 | D:5      | Found a transporter.
  8568 | D:5      | Noticed DrMuscles's ghost (novice GrFi)
  8638 | D:5      | Killed Dowan
  8731 | D:5      | Reached skill level 1 in Poison Magic
  8731 | D:5      | Reached XP level 7. HP: 26/30 MP: 7/14
  9331 | D:5      | HP: 1/30 [ice beast (12)]
  9715 | D:4      | Killed Duvessa
  9715 | D:4      | Reached skill level 5 in Spellcasting
  9806 | D:4      | Gained mutation: Your body sometimes deteriorates upon
                  | taking damage. [potion of mutation]
  9806 | D:4      | Gained mutation: You are agile. (Dex +2) [potion of
                  | mutation]
  9806 | D:4      | Gained mutation: You are partially covered in large bone
                  | plates. (SH +4) [potion of mutation]
  9807 | D:4      | Lost mutation: You are agile. (Dex +2) [potion of mutation]
  9807 | D:4      | Gained mutation: You have an increased reservoir of magic.
                  | (+10% MP) [potion of mutation]
  9807 | D:4      | Gained mutation: You are weak. (Str -2) [potion of
                  | mutation]
  9807 | D:4      | Gained mutation: You are robust. (+10% HP) [potion of
                  | mutation]
  9807 | D:4      | Gained mutation: Your thick and shaggy fur keeps you warm.
                  | (AC +3, rC+) [potion of mutation]
 10121 | D:5      | Offered knowledge of Olgreb's Toxic Radiance by Vehumet.
 10601 | D:5      | Reached XP level 8. HP: 36/36 MP: 13/18
 10711 | D:5      | Reached skill level 5 in Dodging
 10998 | D:6      | Noticed Grinder
 12041 | D:6      | Noticed a two-headed ogre
 12091 | D:6      | Learned a level 4 spell: Olgreb's Toxic Radiance
 12269 | D:7      | Reached skill level 6 in Spellcasting
 12972 | D:6      | Reached **** piety under Vehumet
 13171 | D:6      | Reached skill level 5 in Charms
 13171 | D:6      | Reached XP level 9. HP: 25/39 MP: 10/21
 13213 | D:6      | Offered knowledge of Airstrike by Vehumet.
 13230 | D:6      | Killed a two-headed ogre
 13350 | D:6      | Reached skill level 7 in Spellcasting
 14379 | D:7      | HP: 1/39 [wraith (7)]
 14788 | D:7      | Noticed Menkaure
 14804 | D:7      | Killed Menkaure
 15261 | D:7      | Learned a level 4 spell: Airstrike
 15811 | D:7      | Found a basalt altar of Yredelemnul.
 16386 | D:8      | Noticed an efreet
 16422 | D:8      | Reached XP level 10. HP: 34/43 MP: 15/24
 16513 | D:8      | Found an iron altar of Okawaru.
 16585 | D:8      | Noticed Maggie
 16717 | D:8      | Found a blossoming altar of Fedhas.
 16779 | D:8      | Noticed Prince Ribbit
 16798 | D:8      | Killed Prince Ribbit
 17038 | D:8      | Noticed Joseph
 17051 | D:8      | Killed Joseph
 17052 | D:8      | Lost mutation: You are robust. (+10% HP) [potion of
                  | mutation]
 17052 | D:8      | Lost mutation: Your body sometimes deteriorates upon taking
                  | damage. [potion of mutation]
 17052 | D:8      | Lost mutation: You are partially covered in large bone
                  | plates. (SH +4) [potion of mutation]
 17052 | D:8      | Lost mutation: You are weak. (Str -2) [potion of mutation]
 17052 | D:8      | Gained mutation: You expend magic power (3 MP) to
                  | strengthen your wands. [potion of mutation]
 17243 | D:8      | You fall into a shaft and drop 1 floor!
 17338 | D:9      | Reached skill level 5 in Ice Magic
 17353 | D:9      | Reached ***** piety under Vehumet
 17465 | D:9      | Reached skill level 8 in Spellcasting
 17631 | D:9      | Found a staircase to the Orcish Mines.
 17631 | D:9      | Identified the +0 ring mail "Hetalen" {rElec rC- Str+9
                  | Dex+4}
 17673 | D:9      | Offered knowledge of Starburst by Vehumet.
 17722 | D:10     | Entered Level 10 of the Dungeon
 18368 | D:10     | Reached skill level 5 in Stealth
 18682 | D:10     | Slain by a troll
 18683 | D:10     | Reached XP level 9. HP: -1/36 MP: 13/24
 18999 | D:9      | Reached skill level 5 in Air Magic
 19125 | D:9      | Noticed Esekla's ghost (novice TeVM)
 19208 | D:9      | Found a transporter.
 19428 | D:9      | Found a transporter.
 19539 | D:9      | Reached XP level 10. HP: 15/40 MP: 20/26
 19800 | D:9      | Learned a level 3 spell: Tukima's Dance
 20552 | D:8      | Noticed Erica
 20570 | D:8      | Killed Erica
 20570 | D:8      | Reached skill level 9 in Spellcasting
 20570 | D:8      | Reached skill level 5 in Poison Magic
 20870 | D:6      | Killed Grinder
 21245 | D:9      | HP: 2/40 [poisoned by Esekla's ghost (toxic radiance)]
 21246 | D:9      | Succumbed to Esekla's ghost's toxic radiance
 21247 | D:9      | Reached XP level 9. HP: 0/36 MP: 23/25
 21269 | D:9      | Killed Esekla's ghost
 21311 | Orc:1    | Entered Level 1 of the Orcish Mines
 21330 | Orc:1    | Noticed an orc knight
 21333 | Orc:1    | Noticed a troll
 21914 | D:8      | Killed an orc knight
 21914 | D:8      | Offered knowledge of Sticky Flame by Vehumet.
 21914 | D:8      | Reached XP level 10. HP: 22/40 MP: 2/26
 21926 | D:8      | Learned a level 4 spell: Sticky Flame
 22696 | Orc:2    | Entered Level 2 of the Orcish Mines
 22696 | Orc:2    | Noticed an orc sorcerer
 22696 | Orc:2    | Noticed a cyclops
 22696 | Orc:2    | Noticed a stone giant
 22704 | Orc:1    | Killed a cyclops
 22704 | Orc:1    | Reached skill level 1 in Hexes
 22814 | Orc:1    | Reached skill level 5 in Conjurations
 22928 | Orc:2    | Hit by a large rock thrown by a stone giant

Levels and vault maps discovered:
D:1:      tarquinn_simple_flora_water_a, layout_basic, chequers_big_river,
          chequers_mini_garden, minivault_26, minmay_pentomino_x2
D:2:      layout_basic, nicolae_ru_sacrificial_ziggurat,
          grunt_temple_overflow_cloverleaf,
          nicolae_dithmenos_through_a_glass_darkly, first_ration
D:3:      layout_loops_corners, grunt_temple_overflow_diamond
D:4:      layout_loops_ring, nicolae_overflow_hidden_temple,
          minmay_temple_entry_mini_moons, abandoned_shop
D:5:      layout_loops_ring, gammafunk_ghost_mausoleum, uniq_duvessa
D:6:      layout_cave_pods, uniq_grinder
D:7:      layout_basic, lemuel_mausoleum_altar_yredelemnul, uniq_menkaure
D:8:      kennysheep_blocky_hall, layout_layer_cave, marbit_many_paths,
          okawaru_altar_gauntlet_db, uniq_joseph, uniq_prince_ribbit1,
          uniq_erica, uniq_maggie
D:9:      layout_loops_cross, erik_orc_4, gammafunk_ghost_arena
D:10:     layout_loops_ring, lair_entry_dummy
Temple:   compressed_dpeg_triangle_lava_temple
Orc:1:    layout_diamond_mine
Orc:2:    st_orc_rangers, layout_caves, hangedman_minor_magic

Skill      XL: |  1  2  3  4  5  6  7  8  9 10 |
---------------+-------------------------------+-----
Unarmed Combat | 3 4 |  4.1
Stealth        | 1 2 3 4 5 |  5.2
Translocations | 1 2 |  2.9
Spellcasting   | 3 4 5 6 7 9 |  9.6
Ice Magic      | 1 2 3 4 5 |  5.8
Dodging        | 4 5 6 7 |  7.3
Conjurations   | 1 2 3 5 |  5.0
Charms         | 4 5 |  5.8
Air Magic      | 1 2 3 5 |  5.4
Poison Magic   | 1 2 4 5 |  5.6
Hexes          | 1 |  1.1
Fighting       | |  2.0
Fire Magic     | |  0.6
Evocations     | |  0.2

Action                   |  1- 3 |  4- 6 |  7- 9 | 10-12 || total
-------------------------+-------+-------+-------+-------++-------
Melee: Unarmed           |    75 |   396 |   585 |   238 ||  1294
       Bite              |     4 |    35 |    41 |    22 ||   102
       Punch             |       |     5 |     7 |     3 ||    15
 Cast: Infusion          |    10 |    18 |    38 |    10 ||    76
       Shroud of Golubri |     5 |    24 |    30 |    10 ||    69
       Ozocubu's Armour  |     2 |    32 |    34 |    19 ||    87
       Shock             |       |    27 |    71 |    61 ||   159
       Song of Slaying   |       |     5 |    11 |     7 ||    23
       Foxfire           |       |     4 |    18 |     7 ||    29
       Mephitic Cloud    |       |     4 |    26 |    11 ||    41
       Olgreb's Toxic Ra |       |       |    24 |    21 ||    45
       Airstrike         |       |       |     3 |     3 ||     6
       Sticky Flame      |       |       |       |     7 ||     7
       Tukima's Dance    |       |       |       |     1 ||     1
Evoke: Wand              |       |       |     2 |     4 ||     6
  Use: Potion            |       |     2 |    10 |    12 ||    24
       Scroll            |       |       |    13 |     5 ||    18
 Stab: Sleeping          |     2 |    10 |     8 |     2 ||    22
       Distracted        |     1 |       |     2 |       ||     3
       Confused          |       |     2 |     9 |     6 ||    17
  Eat: Chunk             |     9 |    22 |    24 |    19 ||    74
Armor: Skin              |     4 |    42 |    74 |    32 ||   152
Dodge: Dodged            |    62 |   391 |   574 |   275 ||  1302
Block: Other             |       |       |    64 |     9 ||    73

Table legend:
 A = Non-vault XP
 B = Vault XP
 C = Vault XP percentage of total XP
 D = Non-vault monster count
 E = Vault monster count
 F = Vault count percentage of total count
                 A         B        C        D         E       F
            +---------+---------+-------+---------+---------+-------
      Total |   10594 |    5031 |  32.2 |     296 |      53 |  15.2
            +---------+---------+-------+---------+---------+-------
        D:1 |      46 |       4 |   8.0 |      29 |       2 |   6.5
        D:2 |     128 |       0 |   0.0 |      35 |       0 |   0.0
        D:3 |     257 |       0 |   0.0 |      35 |       0 |   0.0
        D:4 |     266 |     142 |  34.8 |      30 |       1 |   3.2
        D:5 |    1223 |      34 |   2.7 |      36 |       1 |   2.7
        D:6 |    1721 |     300 |  14.8 |      30 |       1 |   3.2
        D:7 |    1000 |     893 |  47.2 |      25 |      13 |  34.2
        D:8 |    1316 |    2023 |  60.6 |      17 |      14 |  45.2
        D:9 |    1776 |    1635 |  47.9 |      22 |      21 |  48.8
       D:10 |    1387 |       0 |   0.0 |      17 |       0 |   0.0
      Orc:1 |    1474 |       0 |   0.0 |      20 |       0 |   0.0
            +---------+---------+-------+---------+---------+-------
